 Dungeon Crawl Stone Soup version 0.29-a0-1009-g60c99734e7 (webtiles) character file.

Game seed: 1246752811261871166

1948 leavemydog the Thaumaturge (level 8, 0/37 (41) HPs)
             Began as a Deep Elf Conjurer on Aug 8, 2022.
             Was a Believer of Vehumet.
             Slain by a wight
             ... wielding a +3 short sword
              (7 damage)
             ... on level 5 of the Dungeon.
             The game lasted 00:15:33 (7368 turns).

leavemydog the Thaumaturge (Deep Elf Conjurer)      Turns: 7368, Time: 00:15:34

HP:   0/37 (41)     AC:  5    Str:  6    XL:     8   Next: 98%
MP:   26/32         EV: 12    Int: 24    God:    Vehumet [**....]
Gold: 257           SH:  0    Dex: 13    Spells: 15/26 levels left

rFire   . . .      SeeInvis .   i - +1 short sword (holy)
rCold   . . .      Faith    .   (no shield)
rNeg    . . .      Spirit   .   a - +0 robe
rPois   +          Reflect  .   (no helmet)
rElec   .          Harm     .   (no cloak)
rCorr   .          Rampage  .   u - +0 pair of gloves
Will    .....                   s - +1 pair of boots
Stlth   ++........              f - amulet of the acrobat
HPRegen 0.12/turn               F - ring of magical power
MPRegen 0.23/turn               A - ring of poison resistance

@: studying Maces & Flails, drained
A: no striking features
a: Renounce Religion


You were on level 5 of the Dungeon.
You worshipped Vehumet.
Vehumet was pleased with you.
You visited 1 branch of the dungeon, and saw 6 of its levels.
You also visited: Ossuary.

You collected 257 gold pieces.

Inventory:

Hand Weapons
 i - a +1 short sword of holy wrath (weapon)
Missiles
 v - 4 poisoned darts
Armour
 a - a +0 robe (worn)
 s - a +1 pair of boots (worn)
 u - a +0 pair of gloves (worn)
Jewellery
 c - a ring of ice
 f - an amulet of the acrobat (around neck)
 g - a +6 ring of intelligence
 o - a ring of willpower
 A - a ring of poison resistance (right hand)
 F - a ring of magical power (left hand)
 H - a +6 ring of strength
Wands
 w - a wand of digging (2)
 x - a wand of mindburst (19)
Scrolls
 e - a scroll of poison
 h - 2 scrolls of enchant armour {unknown}
 j - a scroll of silence {unknown}
 p - a scroll of fear {unknown}
 q - 3 scrolls of teleportation
 r - 2 scrolls of amnesia {unknown}
 t - 2 scrolls of vulnerability
 y - a scroll of noise {unknown}
 z - a scroll of magic mapping {unknown}
 C - 2 scrolls of fog
Potions
 b - 2 potions of magic
 d - a potion of mutation
 k - 2 potions of attraction
 l - 2 potions of curing
 m - 4 potions of haste
 n - a potion of cancellation
 B - a potion of berserk rage {unknown}
 D - a potion of flight {unknown}
 E - a potion of heal wounds {unknown}
 G - a potion of lignification {unknown}
 I - 4 potions of might {unknown}


   Skills:
 - Level 0.1 Fighting
 - Level 2.4 Dodging
 - Level 2.4 Stealth
 + Level 9.7 Spellcasting
 + Level 9.4 Conjurations
 * Level 3.5 Hexes
 * Level 4.8 Translocations


You had 15 spell levels left.
You knew the following spells:

 Your Spells              Type           Power      Damage    Failure   Level
a - Magic Dart            Conj           100%       1d8       1%          1
b - Searing Ray           Conj           100%       2d8       1%          2
c - Iskenderun's Mystic   Conj/Tloc      45%        2d10      3%          4
d - Fulminant Prism       Conj/Hex       21%        3d13      3%          4

Your spell library contained the following spells:

 Spells                   Type           Power      Damage    Failure   Level
 Freeze                   Ice            44%        1d6       5%          1
 Dazzling Flash           Conj/Hex       84%        N/A       1%          3
 Mephitic Cloud           Conj/Pois/Air  26%        N/A       4%          3
 Sting                    Tmut/Pois      44%        1d5       5%          1
 Call Imp                 Summ           11%        N/A       9%          2
 Poisonous Vapours        Pois/Air       22%        N/A       9%          2
 Olgreb's Toxic Radiance  Pois           11%        N/A       47%         4
 Petrify                  Tmut/Erth      11%        N/A       47%         4
 Metabolic Englaciation   Hex/Ice        10%        N/A       58%         5
 Statue Form              Tmut/Erth      7%         N/A       100%        6


Dungeon Overview and Level Annotations

Branches:
Dungeon (6/15)             Temple (0/1) D:4         Ossuary (visited)

Altars:
Elyvilon
Vehumet
Xom

Annotations:
D:4 3 runed translucent doors, leavemydog's ghost, novice DECj


Message History

The searing ray hits the wight.
The wight is heavily damaged.
The wight misses you. x2
The searing ray hits the wight.
The wight is severely damaged.
The wight completely misses you. The wight misses you.
The searing ray hits the wight.
The wight is almost destroyed.
You finish channelling your searing ray.
The wight misses you.
The wight hits you with a +3 short sword!
Casting: Searing Ray (safe; 1% risk of failure)
Confirm with . or Enter, or press ? or * to list all spells.
Aiming: Magic Dart (safe; 1% risk of failure)
Press: ? - help, Shift-Dir - straight line, f/p - wight
Aim: a wight, wielding a +3 short sword and wearing a +0 robe (almost destroyed, 100% to hit)
The magic dart hits the wight but does no damage.
The wight is almost destroyed.
The wight hits you with a +3 morningstar.
You feel drained.
The wight hits you with a +3 short sword.
* * * LOW HITPOINT WARNING * * *
You feel drained.
* * * LOW HITPOINT WARNING * * *
You feel better. The wight closely misses you.
The wight hits you but does no damage.
Okay, then.
Casting: Magic Dart (safe; 1% risk of failure)
Confirm with . or Enter, or press ? or * to list all spells.
Aiming: Magic Dart (safe; 1% risk of failure)
Press: ? - help, Shift-Dir - straight line, f/p - wight
Aim: a wight, wielding a +3 short sword and wearing a +0 robe (almost destroyed, 100% to hit)
The magic dart hits the wight but does no damage.
The wight is almost destroyed.
The wight hits you with a +3 morningstar!
* * * LOW HITPOINT WARNING * * *
You feel drained.
* * * LOW HITPOINT WARNING * * *
The wight hits you with a +3 short sword!
You die...

##################
#.................
###@................
#>z.z.......########
#............#
#............#
#..b.....##..#
#....<...###.#
#........###+##
###'#.........# ##
#.#.........#####.


You could see 2 wights.

Vanquished Creatures
  Grinder (D:4)
  Eustachio (D:4)
  An ogre (D:5)
  2 phantoms (D:5)
  A scorpion (D:4)
  A bullfrog (D:5)
  3 wyvern zombies (Ossuary)
  A water moccasin zombie (Ossuary)
  A howler monkey (D:4)
  7 bullfrog zombies (Ossuary)
  3 centaur zombies (Ossuary)
  A jelly (D:5)
  Ijyb (D:4)
  Terence (D:3)
  2 orc wizards (D:5)
  A killer bee zombie (Ossuary)
  16 mummies (Ossuary)
  A howler monkey zombie (Ossuary)
  Robin (D:3)
  4 gnolls (D:5)
  8 adders
  An ufetubus (D:4)
  A worm (D:3)
  A dart slug (D:1)
  12 orcs
  2 ball pythons
  8 endoplasms
  5 giant cockroaches
  19 goblins
  7 hobgoblins
  7 jackals (D:2)
  5 bats
  2 frilled lizards
  A goblin zombie (D:5)
  8 kobolds
  5 rats
142 creatures vanquished.

Vanquished Creatures (others)
  4 plants
  7 withered plants (Ossuary)
11 creatures vanquished.

Grand Total: 153 creatures vanquished

Notes
Turn   | Place    | Note
-------+----------+-------------------------------------------
     0 | D:1      | leavemydog the Deep Elf Conjurer began the quest for the
                  | Orb.
     0 | D:1      | Reached XP level 1. HP: 10/10 MP: 6/6
   215 | D:1      | Reached XP level 2. HP: 15/15 MP: 6/8
   245 | D:1      | Learned a level 2 spell: Searing Ray
   367 | D:1      | Reached skill level 5 in Conjurations
  1055 | D:2      | Reached XP level 3. HP: 19/19 MP: 7/9
  1741 | D:2      | Found a faded altar of an unknown god.
  2143 | D:3      | Noticed Robin
  2146 | D:3      | Killed Robin
  2147 | D:3      | Reached XP level 4. HP: 24/24 MP: 1/11
  2662 | D:3      | Found a radiant altar of Vehumet.
  2668 | D:3      | Became a worshipper of Vehumet
  3033 | D:3      | Noticed Terence
  3040 | D:3      | Killed Terence
  3041 | D:3      | Reached XP level 5. HP: 28/28 MP: 7/14
  3046 | D:3      | Learned a level 4 spell: Iskenderun's Mystic Blast
  3279 | D:4      | Reached skill level 5 in Spellcasting
  3378 | D:4      | Noticed an ice beast
  3382 | D:4      | Noticed leavemydog's ghost (novice DECj)
  3480 | D:4      | Found a staircase to the Ecumenical Temple.
  3511 | D:4      | Found a runed translucent gate.
  3511 | D:4      | Found a runed translucent gate.
  3511 | D:4      | Found a runed translucent gate.
  3516 | D:4      | Noticed an ice beast
  3619 | D:4      | Noticed Grinder
  3632 | D:4      | Killed Grinder
  3633 | D:4      | Reached skill level 1 in Translocations
  3633 | D:4      | Reached XP level 6. HP: 18/32 MP: 3/17
  4182 | D:4      | Identified the +2 whip of Bile {speed, rPois}
  4271 | D:4      | Noticed Ijyb
  4275 | D:4      | Killed Ijyb
  4459 | D:4      | Found a shimmering altar of Xom.
  4573 | D:4      | Noticed Eustachio
  4589 | D:4      | Killed Eustachio
  4590 | D:4      | Reached XP level 7. HP: 29/36 MP: 1/19
  4944 | D:5      | Entered Level 5 of the Dungeon
  5310 | D:5      | Reached * piety under Vehumet
  5310 | D:5      | Offered knowledge of Foxfire by Vehumet.
  5375 | D:5      | Noticed a wraith
  5376 | D:5      | Noticed a wraith
  5409 | D:5      | Found a white marble altar of Elyvilon.
  5424 | D:5      | Reached XP level 8. HP: 34/41 MP: 13/22
  5515 | D:5      | Found a sand-covered staircase.
  5529 | Ossuary  | Entered an ossuary
  5661 | Ossuary  | Reached skill level 1 in Hexes
  6242 | Ossuary  | Reached ** piety under Vehumet
  6379 | Ossuary  | Offered knowledge of Freeze by Vehumet.
  7358 | D:5      | Learned a level 4 spell: Fulminant Prism
  7368 | D:5      | Slain by a wight

Illustrated notes

Levels and vault maps discovered:
D:1:      dpeg_arrival_erosion, layout_basic, serial_bayou_crossing
D:2:      layout_basic, basic_ecumenical_altar, grunt_ministairs_5,
          kennysheep_crisscross, hex_large
D:3:      layout_loops_ring, nicolae_vehumet_altar_sigil, uniq_robin,
          uniq_terence
D:4:      cheibrodos_greedy_goblins, layout_loops_corners,
          mainiacjoe_overflow_alcove_2, minmay_temple_entry_gardened_gates,
          gammafunk_ghost_icy, uniq_ijyb, uniq_grinder, uniq_eustachio
D:5:      layout_basic, nicolae_elyvilon_peaceful_grove, enter_ossuary_3,
          lightli_corner_chamber
D:6:      layout_rooms, minivault_22, minivault_1, minmay_liquid_box,
          serial_park_tiny_pond

Skill      XL: |  1  2  3  4  5  6  7  8 |
---------------+-------------------------+-----
Conjurations   | 5 6 7 8 9 |  9.4
Spellcasting   | 4 6 8 9 |  9.7
Translocations | 1 2 3 4 |  4.8
Hexes          | 3 |  3.5
Fighting       | |  0.1
Dodging        | |  2.4
Stealth        | |  2.4

Action                   |  1- 3 |  4- 6 |  7- 9 || total
-------------------------+-------+-------+-------++-------
Melee: Short sword       |       |       |    42 ||    42
 Cast: Magic Dart        |    73 |    81 |    87 ||   241
       Searing Ray       |     2 |    11 |    34 ||    47
       Iskenderun's Myst |       |       |     1 ||     1
  Use: Scroll            |     1 |     3 |     5 ||     9
       Potion            |       |     1 |     2 ||     3
 Stab: Distracted        |       |       |     1 ||     1
Armor: Robe              |       |       |    27 ||    27
Dodge: Dodged            |     4 |    12 |    84 ||   100

Table legend: (Time is in decaauts)
 A = Elapsed time spent in this place.
 B = Non-inter-level travel time spent in this place.
 C = Inter-level travel time spent in this place.
 D = Time resting spent in this place.
 E = Time spent auto-exploring this place.
 F = Levels seen in this place.
 G = Mean time per level.
                   A        B        C        D        E       F      G
               +--------+--------+--------+--------+--------+-----+--------+
         Total |   7394 |   7200 |    194 |   2179 |   4142 |   7 | 1056.3 |
       Dungeon |   6072 |   5878 |    194 |   1318 |   3980 |   6 | 1012.0 |
       Ossuary |   1321 |   1321 |      0 |    861 |    161 |   1 | 1321.0 |
               +--------+--------+--------+--------+--------+-----+--------+

Top non-repeatable levels by time:
     D:4: 1672 daAuts
 Ossuary: 1321 daAuts
     D:2: 1282 daAuts
     D:5: 1115 daAuts
     D:3: 1004 daAuts
     D:1: 991 daAuts
     D:6: 6 daAuts
